 Dungeon Crawl Stone Soup version 0.26.1-2-gb8aa6d0cf2 (webtiles) character file.

Game seed: 14187295730265349000

193 Allula97 the Scratcher (level 5, -1/33 HPs)
             Began as a Felid Transmuter on Mar 2, 2021.
             Was an Initiate of Ru.
             Slain by an ogre
             ... wielding a +0 giant club
              (23 damage)
             ... on level 4 of the Dungeon.
             The game lasted 00:08:37 (2810 turns).

Allula97 the Scratcher (Felid Transmuter)           Turns: 2810, Time: 00:08:37

Health: -1/33      AC:  5    Str:  7    XL:     5   Next: 43%
Magic:  0/9        EV: 19    Int: 15    God:    Ru [......]
Gold:   201        SH:  0    Dex: 16    Spells: 6/9 levels left
                                        Lives:  0   Deaths: 1

rFire    + . .     SeeInvis +     - Unarmed
rCold    . . .     Faith    .   (shield unavailable)
rNeg     . . .     Spirit   +   (armour unavailable)
rPois    .         Reflect  .   (helmet unavailable)
rElec    .         Harm     .   (cloak unavailable)
rCorr    .         Rampage  .   (gloves unavailable)
Will     .....                  (boots unavailable)
Stlth    ..........             d - amulet of guardian spirit
HPRegen  0.11/turn              c - +4 ring of protection
MPRegen  0.11/turn              a - ring of protection from fire

@: berserking, very quick
A: very small, no armour, no weapons or thrown items, stealth, claws 1, fangs 3,
see invisible, speed 1, shaggy fur 1, sharp paws
a: Renounce Religion


You were on level 4 of the Dungeon.
You worshipped Ru.
Ru was noncommittal.
You visited 1 branch of the dungeon, and saw 4 of its levels.

You collected 201 gold pieces.

Inventory:

Hand Weapons
 n - a +3 dagger
Armour
 g - a +1 helmet
Jewellery
 a - a ring of protection from fire (right paw)
 c - a +4 ring of protection (left paw)
 d - an amulet of guardian spirit (around neck)
 o - a +6 ring of strength {unknown}
 q - an uncursed ring of magical power {unknown}
Scrolls
 b - a scroll of teleportation
 e - 4 scrolls of amnesia
 f - 2 scrolls of immolation
 h - 4 scrolls of remove curse
 i - a scroll of magic mapping
 l - 3 scrolls of fear
 p - a scroll of enchant armour {unknown}
Potions
 k - 2 potions of mutation {unknown}
 m - a potion of curing


   Skills:
 * Level 2.0 Fighting
 * Level 4.2 Dodging
 * Level 2.6 Stealth
 * Level 4.8 Unarmed Combat
 * Level 2.6 Spellcasting
 * Level 3.0 Transmutations


You had 6 spell levels left.
You knew the following spells:

 Your Spells              Type           Power        Failure   Level
a - Beastly Appendage     Tmut           22%          6%          1
b - Wereblood             Tmut           11%          9%          2

Your spell library contained the following spells:

 Spells                   Type           Power        Failure   Level
 Animate Skeleton         Necr           2%           22%         1
 Apportation              Tloc           2%           22%         1
 Corona                   Hex            1%           22%         1
 Summon Small Mammal      Summ           4%           22%         1
 Spider Form              Tmut/Pois      3%           32%         3
 Ice Form                 Ice/Tmut       6%           73%         4
 Blade Hands              Tmut           5%           86%         5


Dungeon Overview and Level Annotations

Branches:
Dungeon (4/15)
 Temple: D:4-7

Altars:
Kikubaaqudgha
Ru


Innate Abilities, Weirdness & Mutations

You cannot wear armour.
You are incapable of wielding weapons or throwing items.
Your paws allow you to move quietly. (Stealth)
You have sharp claws.
You have razor-sharp teeth.
You have supernaturally acute eyesight. (SInv)
You cover ground quickly.
You are covered in fur. (AC +1)
Your sharp claws are effective at attacking unaware monsters.


Message History

The hound skeleton completely misses you.
The ogre shouts!
You scratch the hound skeleton.
The hound skeleton is moderately damaged.
The hound skeleton bites you.
You scratch the hound skeleton. You bite the hound skeleton.
The hound skeleton is severely damaged.
The hound skeleton misses you.
The hound skeleton bites you but does no damage.
You scratch the hound skeleton.
The hound skeleton is almost destroyed.
The hound skeleton bites you but does no damage.
You claw the hound skeleton!
You destroy the hound skeleton!
You feel better.
A red film seems to cover your vision as you go berserk!
You feel yourself moving faster!
You feel mighty!
The ogre hits you with a +0 giant club!!
Ouch! That really hurt!
You die...

#.##.##..# #.##.##.# #.#
####### #.##.##.# .#
......# #.##.##.# ..
......# #.#.....# ..
.....[# #........ ...
......#### #........
.........#######†O......
###.####......##@.......
#.# ######.).........
#.# ###......... #..
.......... #..
##.#......# #..#
..###..... .(.# .##
.#### .. .. .. .


You could see an ogre.

Vanquished Creatures
  An ogre (D:4)
  An orc priest (D:3)
  An iguana (D:4)
  An orc wizard (D:3)
  A hound skeleton (D:4)
  2 adders (D:2)
  4 worms (D:2)
  A dart slug (D:1)
  A leopard gecko (D:2)
  5 orcs
  7 bats
  3 giant cockroaches
  8 goblins
  4 hobgoblins (D:1)
  7 jackals
  A quokka (D:3)
  A ball python (D:1)
  3 frilled lizards
  2 kobolds (D:2)
  9 rats
63 creatures vanquished.

Notes
Turn   | Place    | Note
-------+----------+-------------------------------------------
     0 | D:1      | Allula97 the Felid Transmuter began the quest for the Orb.
     0 | D:1      | Reached XP level 1. HP: 9/9 MP: 4/4
   217 | D:1      | Reached XP level 2. HP: 12/12 MP: 6/6
   540 | D:1      | Reached XP level 3. HP: 15/15 MP: 7/7
   723 | D:2      | Reached skill level 1 in Stealth
  1177 | D:2      | Found an ancient bone altar of Kikubaaqudgha.
  1199 | D:2      | Reached XP level 4. HP: 19/19 MP: 8/8
  2082 | D:3      | Found a sacrificial altar of Ru.
  2090 | D:3      | Became a worshipper of Ru the Awakened
  2123 | D:3      | Reached XP level 5. HP: 15/22 MP: 7/9
  2659 | D:4      | Noticed an ogre
  2709 | D:4      | Mangled by an ogre
  2710 | D:4      | Reached XP level 4. HP: -7/19 MP: 0/8
  2723 | D:4      | Learned a level 2 spell: Wereblood
  2723 | D:4      | Noticed an ogre
  2731 | D:4      | Killed an ogre
  2732 | D:4      | Reached XP level 5. HP: 22/22 MP: 9/9
  2810 | D:4      | Slain by an ogre

Illustrated notes

Levels and vault maps discovered:
D:1:      scummos_arrival_gate, layout_basic
D:2:      layout_basic, lemuel_round_altar
D:3:      layout_loops_cross, nicolae_ru_sacrificial_ziggurat
D:4:      layout_rooms, lightli_sewer_entry_pipes, uniq_duvessa

Skill      XL: |  1  2  3  4  5 |
---------------+----------------+-----
Dodging        | 3 4 |  4.2
Stealth        | 1 2 |  2.6
Unarmed Combat | 4 |  4.8
Fighting       | 2 |  2.0
Transmutations | 3 |  3.0
Spellcasting   | |  2.6

Action                   |  1- 3 |  4- 6 || total
-------------------------+-------+-------++-------
Melee: Unarmed           |   133 |    94 ||   227
       Bite              |     7 |     4 ||    11
       Punch             |     2 |     1 ||     3
       Headbutt          |     1 |     2 ||     3
 Cast: Beastly Appendage |     3 |     1 ||     4
  Use: Potion            |     1 |     3 ||     4
       Scroll            |       |     9 ||     9
 Stab: Sleeping          |     8 |       ||     8
Armor: Skin              |    31 |    17 ||    48
Dodge: Dodged            |   124 |    79 ||   203
